 Dungeon Crawl Stone Soup version 0.31-a0-435-g2c6fae2916 (webtiles) character file.

Game seed: 5284459931237812580

7480 Newt the Thrower (level 10, -7/129 HPs)
             Began as a Purple Draconian Shapeshifter on Aug 1, 2023.
             Was a Priest of Okawaru.
             Mangled by a vampire
             ... wielding a staff of cold
              (9 damage)
             ... on level 10 of the Dungeon.
             The game lasted 00:15:33 (11140 turns).

Newt the Thrower (Purple Draconian Shapeshifter)   Turns: 11140, Time: 00:15:34

Health: -7/129     AC: 32    Str: 22    XL:     10   Next: 94%
Magic:  0/19       EV:  2    Int:  8    God:    Okawaru [***...]
Gold:   1193       SH:  0    Dex: 12    Spells: 9/9 levels left

rFire   + . .        H - +5 flail (protect)
rCold   . . .        (no shield)
rNeg    . . .        (body armour unavailable)
rPois   +            (helmet currently unavailable)
rElec   .            (cloak currently unavailable)
rCorr   .            (gloves currently unavailable)
SInv    .            (boots currently unavailable)
Will    +....        o - amulet of guardian spirit
Stlth   +            G - ring of magical power
HPRegen 0.41/turn    L - ring of protection from fire
MPRegen 0.16/turn

%: guardian spirit
@: mighty, tree-form, under a protective aura
A: stationary, stasis, torment immunity, boosted hp, (breathe power), AC +7,
unfitting armour, (cold-blooded)
a: Renounce Religion, Heroism


You were on level 10 of the Dungeon.
You worshipped Okawaru.
Okawaru was most pleased with you.
You were a tree.
You visited 2 branches of the dungeon, and saw 11 of its levels.
You also visited: Sewer and Ossuary.

You collected 1441 gold pieces.
You spent 248 gold pieces at shops.

Inventory:

Hand Weapons
 f - a +1 falchion of freezing
 H - a +5 flail of protection (weapon)
Missiles
 e - a boomerang (quivered)
 q - 20 poisoned darts
Armour
 a - a +0 cloak of willpower
 r - the +2 pair of gloves of Ucepioh {rCorr Str+6 Dex-2}
   (You bought it in a shop on level 4 of the Dungeon)

   Str:       It affects your strength (+6).
   Dex:       It affects your dexterity (-2).
   rCorr:     It protects you from acid and corrosion.
 v - a +1 helmet
Jewellery
 o - an amulet of guardian spirit (around neck)
 E - an amulet of the acrobat
 G - a ring of magical power (left branch)
 L - a ring of protection from fire (right branch)
Talismans
 b - a beast talisman
Wands
 h - a wand of light (6)
 i - a wand of charming (12)
 l - a wand of mindburst (16)
 y - a wand of digging (4)
 C - a wand of iceblast (6)
Scrolls
 k - 4 scrolls of vulnerability
 m - 2 scrolls of enchant weapon
 p - a scroll of amnesia {unknown}
 t - a scroll of fog
 w - 2 scrolls of silence
 F - a scroll of teleportation
 J - 2 scrolls of poison
 K - a scroll of enchant armour
Potions
 c - 4 potions of magic
 d - 3 potions of mutation
 j - 2 potions of brilliance
 n - 6 potions of degeneration
 s - 5 potions of enlightenment
 u - 2 potions of cancellation
 x - 4 potions of curing
 A - a potion of lignification
 D - a potion of resistance
 I - a potion of ambrosia {unknown}


   Skills:
 - Level 7.0 Fighting
 - Level 3.9 Long Blades
 + Level 3.2 Maces & Flails
 - Level 10.0 Throwing
 - Level 1.7 Dodging
 - Level 3.0 Unarmed Combat
 - Level 9.0 Shapeshifting


You had 9 spell levels left.
You didn't know any spells.
Your spell library was empty.

Dungeon Overview and Level Annotations

Branches:
Dungeon (10/15)            Temple (1/1) D:5            Lair (0/5) D:9
  Sewer (visited)         Ossuary (visited)
    Orc: D:9-12

Altars:
Ashenzari
Cheibriados
Dithmenos
Elyvilon
Fedhas
Gozag
Hepliaklqana
Makhleb
Okawaru
Qazlal
Ru
Sif Muna
Trog
Uskayaw
Vehumet
Wu Jian
Xom
Yredelemnul
The Shining One

Shops:
D:4 (**=((

Annotations:
D:3 2 runed translucent doors, pajopajo's ghost, weakling DgAE
Temple 4 transporters


Innate Abilities, Weirdness & Mutations

You are a tree.
Your roots penetrate the ground, keeping you stationary.
You cannot be teleported.
You are immune to unholy pain and torment.
Your maximum health is greatly increased.
Your equipment is partially melded.
((You can breathe bolts of dispelling energy.))
((Your rich purple scales are hard. (AC +7)))
You cannot fit into any form of body armour.
((You are cold-blooded and may be slowed by cold attacks.))


Message History

The orc warrior hits you with a +0 halberd.
* * * LOW HITPOINT WARNING * * *
The orc hits you but does no damage.
Unknown command.
Throw: boomerang
Press: ? - help, Q - select action, (/) - cycle Shift-Dir - straight line, f/p - vampire
Aim: a vampire, wielding a staff of cold (lightly damaged, 64% to hit)
You throw a boomerang.
The boomerang closely misses the vampire.
Unknown command.
Unknown command.
You barely miss the orc priest. The orc priest barely misses you.
The orc hits you but does no damage. The orc barely misses you.
The orc warrior hits you but does no damage.
The vampire hits you with a staff of cold.
* * * LOW HITPOINT WARNING * * *
The vampire freezes you!
* * * LOW HITPOINT WARNING * * *
The vampire bites you but does no damage.
The orc priest hits you but does no damage.
The orc warrior hits you but does no damage.
The orc hits you but does no damage. x2
You closely miss the orc priest.
The vampire hits you with a staff of cold!
* * * LOW HITPOINT WARNING * * *
The vampire bites you but does no damage.
The orc priest hits you but does no damage.
The orc hits you but does no damage.
The orc warrior hits you with a +0 halberd!
* * * LOW HITPOINT WARNING * * *
The orc hits you but does no damage.
You sock the orc priest!
Your weapon exudes an aura of protection.
You kill the orc priest!
Okawaru accepts your kill.
The vampire casts a spell.
The vampire flickers and vanishes!
The orc hits you but does no damage. x2
The orc warrior hits you but does no damage.
Something hits you!
You die...

#.....
.....V###.########
........#........#
..........#
#........#
#........#
#........#
###...oo)..#
......{♣...#
#....?o....#
...#.####### . ..
... .. ~


You could see an orc warrior and 2 orcs.

Vanquished Creatures
  2 two-headed ogres
  An elephant (D:9)
  Maurice (D:8)
  Prince Ribbit (D:5)
  A wraith (D:9)
  A wyvern (D:9)
  A vampire (D:9)
  4 yaks (D:10)
  A basilisk (D:9)
  A steam dragon (D:9)
  A water moccasin (D:5)
  Duvessa (D:4)
  4 orc warriors
  3 black bears
  2 ogres
  4 centaurs
  A bullfrog (D:8)
  2 kobold brigands
  4 wyvern zombies (Ossuary)
  3 scorpions (D:5)
  A water moccasin zombie (Ossuary)
  3 wights (D:9)
  Dowan (D:4)
  3 killer bees (D:9)
  6 howler monkeys
  8 bullfrog zombies (Ossuary)
  A centaur zombie (Ossuary)
  5 hounds
  6 orc priests
  2 jellies
  Crazy Yiuf (D:2)
  Jessica (D:3)
  2 iguanas (D:4)
  5 orc wizards
  2 killer bee zombies (Ossuary)
  14 mummies (Ossuary)
  7 gnolls
  5 howler monkey zombies (Ossuary)
  14 adders
  5 river rats (Sewer)
  2 white imps
  3 worms
  A dart slug (D:2)
  31 orcs
  5 endoplasms
  10 giant cockroaches
  10 goblins
  8 hobgoblins
  A jackal (Sewer)
  16 kobolds
  5 quokkas
  11 ball pythons
  12 bats
  11 frilled lizards
  4 rats
261 creatures vanquished.

Notes
Turn   | Place    | Note
-------+----------+-------------------------------------------
     0 | D:1      | Newt the Draconian Shapeshifter began the quest for the
                  | Orb.
     0 | D:1      | Reached XP level 1. HP: 16/16 MP: 1/1
   154 | D:1      | Reached XP level 2. HP: 22/25 MP: 2/2
   545 | D:1      | Reached XP level 3. HP: 26/31 MP: 3/3
   877 | D:2      | Found a runed translucent door.
   878 | D:2      | Noticed Crazy Yiuf
   921 | D:2      | Reached skill level 1 in Throwing
   975 | D:2      | Reached XP level 4. HP: 40/40 MP: 4/4
  1376 | D:2      | Killed Crazy Yiuf
  1377 | D:2      | Reached skill level 2 in Throwing
  1619 | D:3      | Found a runed translucent door.
  1626 | D:3      | Noticed pajopajo's ghost (weakling DgAE)
  1681 | D:3      | Noticed Jessica
  1683 | D:3      | Killed Jessica
  1684 | D:3      | Reached XP level 5. HP: 46/46 MP: 5/5
  2010 | D:3      | Found a runed translucent door.
  2073 | D:3      | Reached skill level 3 in Throwing
  2402 | D:4      | Found a glowing drain.
  2550 | Sewer    | Entered a sewer
  2670 | Sewer    | Reached skill level 4 in Throwing
  2967 | Sewer    | Reached XP level 6. HP: 39/52 MP: 6/6
  3572 | D:4      | Noticed Duvessa
  3591 | D:4      | Killed Duvessa
  3592 | D:4      | Reached skill level 5 in Throwing
  3601 | D:4      | Noticed Dowan
  3611 | D:4      | Killed Dowan
  3821 | D:4      | Found Atuimn's Weapon Shop.
  3868 | D:4      | Found a hazy altar of Hepliaklqana.
  3972 | D:4      | Found Ysicveg's Assorted Antiques.
  4023 | D:4      | Bought a pair of masterwork gloves for 190 gold pieces
  4023 | D:4      | Identified the +2 pair of gloves of Ucepioh {rCorr Str+6
                  | Dex-2} (You bought it in a shop on level 4 of the Dungeon)
  4023 | D:4      | Bought a scroll of identify for 40 gold pieces
  4023 | D:4      | Bought a green potion for 18 gold pieces
  4048 | D:4      | Found Lof Osay's Antique Weapon Shop.
  4078 | D:4      | Your scales start taking on a rich purple colour.
  4078 | D:4      | Reached XP level 7. HP: 58/59 MP: 5/7
  4160 | D:4      | Found Yvaant's Assorted Antiques.
  4205 | D:4      | Found Ysec's Jewellery Emporium.
  4368 | D:4      | Found Yfyeqyji's Weapon Shoppe.
  4497 | D:5      | Entered Level 5 of the Dungeon
  4558 | D:5      | Found a staircase to the Ecumenical Temple.
  4586 | Temple   | Found a transporter.
  4586 | Temple   | Found a transporter.
  4586 | Temple   | Found a transporter.
  4586 | Temple   | Found a transporter.
  4586 | Temple   | Entered the Ecumenical Temple
  4709 | D:5      | Noticed Prince Ribbit
  4723 | D:5      | Reached skill level 5 in Shapeshifting
  4733 | D:5      | Killed Prince Ribbit
  4906 | D:5      | Reached XP level 8. HP: 61/66 MP: 8/8
  5925 | D:6      | Found a sand-covered staircase.
  5955 | D:6      | Identified the +3 ring mail of the Kappa {Int+3}
  5962 | D:6      | Found a hide-covered altar of Uskayaw.
  6135 | Ossuary  | Entered an ossuary
  6620 | Ossuary  | Reached XP level 9. HP: 46/71 MP: 6/9
  7036 | Ossuary  | Reached skill level 5 in Fighting
  7330 | D:6      | Found a blossoming altar of Fedhas.
  8223 | D:7      | Found an iron altar of Okawaru.
  8241 | D:7      | Became a worshipper of Warmaster Okawaru
  8611 | D:8      | Noticed Maurice
  8621 | D:8      | Killed Maurice
  8622 | D:8      | Reached skill level 6 in Throwing
  8689 | D:8      | Found a basalt altar of Yredelemnul.
  8780 | D:8      | Noticed a two-headed ogre
  8791 | D:8      | Killed a two-headed ogre
  8791 | D:8      | Reached * piety under Okawaru
  8792 | D:8      | Reached skill level 7 in Throwing
  8792 | D:8      | Reached XP level 10. HP: 15/86 MP: 3/10
  9119 | D:8      | Found a broken altar of Ashenzari.
  9183 | D:8      | Reached skill level 8 in Throwing
  9895 | D:9      | Noticed a two-headed ogre
  9901 | D:9      | Killed a two-headed ogre
  9901 | D:9      | Reached ** piety under Okawaru
  9902 | D:9      | Reached skill level 9 in Throwing
 10111 | D:9      | Identified a scroll of acquirement
 10113 | D:9      | Acquired 830 gold pieces
 10246 | D:9      | Found a burning altar of Makhleb.
 10319 | D:9      | Noticed an elephant
 10343 | D:9      | Killed an elephant
 10348 | D:9      | Reached skill level 10 in Throwing
 10349 | D:9      | Reached skill level 1 in Long Blades
 10356 | D:9      | Reached *** piety under Okawaru
 10606 | D:9      | Found a staircase to the Lair.
 10665 | D:9      | Found a shadowy altar of Dithmenos.
 10716 | D:10     | Entered Level 10 of the Dungeon
 10735 | D:9      | Reached skill level 1 in Maces & Flails
 11110 | D:10     | Noticed a skeletal warrior
 11110 | D:10     | Noticed a skeletal warrior
 11113 | D:10     | Noticed a skeletal warrior
 11139 | D:10     | HP: 2/129 [orc warrior/+0 halberd (14)]
 11140 | D:10     | Mangled by a vampire

Illustrated notes

Levels and vault maps discovered:
D:1:      minmay_arrival_radiant_lines, layout_loops_cross,
          minmay_splitting_lines
D:2:      layout_rooms, serial_corexii_hall, corexii_hall_statues_l,
          corexii_hall_statues_s, corexii_hall_statues_x,
          corexii_hall_statues_i, uniq_crazy_yiuf_cottage
D:3:      layout_loops_cross, ebering_ghost_sewer_f, uniq_jessica
D:4:      layout_basic, overflow_temple_1_default, serial_shops,
          nicolae_shop_bloodbath_and_beyond, nicolae_shop_trees, shop, shop,
          shop, gup_sewer_entry_glass, kennysheep_windowed_goal, uniq_duvessa
D:5:      layout_basic, minmay_temple_entry_trees, uniq_prince_ribbit1
D:6:      layout_basic, fedhas_ov_isle_minmay, lemuel_coloured_pillars_altar,
          nicolae_ossuary_entry_false_entrances
D:7:      layout_gridville, lemuel_doored_altar
D:8:      layout_gridville, mainiacjoe_overflow_brackets, amcnicky_altar_gilded,
          minmay_misc_feat_more_columns, serial_park_tiny_2, uniq_maurice
D:9:      layout_roguey, mainiacjoe_overflow_small_starburst,
          mainiacjoe_overflow_tiny_flanked, david_lair_generic
D:10:     layout_rooms, kiku_gazebo_pond_becter, nemelex_diamond_rough_becter,
          old_standard_altar
Temple:   hellmonk_temple_divided_pantheon

Skill      XL: |  1  2  3  4  5  6  7  8  9 10 |
---------------+-------------------------------+-----
Fighting       | 2 3 4 7 |  7.0
Throwing       | 1 2 4 5 7 10 | 10.0
Shapeshifting  | 6 8 9 |  9.0
Long Blades    | 3 |  3.9
Maces & Flails | 3 |  3.2
Dodging        | |  1.7
Unarmed Combat | |  3.0

Action                     |  1- 3 |  4- 6 |  7- 9 | 10-12 || total
---------------------------+-------+-------+-------+-------++-------
  Melee: Unarmed           |    99 |     8 |       |       ||   107
         Tailslap          |     7 |    29 |    64 |    30 ||   130
         Punch             |     2 |       |     5 |     6 ||    13
         Falchion          |       |   248 |   324 |    98 ||   670
         Flail             |       |       |       |    43 ||    43
  Throw: Boomerang         |       |    15 |     7 |    45 ||    67
         Stone             |       |    19 |    56 |       ||    75
         Dart              |       |     1 |    14 |     2 ||    17
         Throwing net      |       |     1 |       |       ||     1
Ability: Breathe Dispellin |       |       |     3 |     2 ||     5
  Evoke: Wand              |       |       |     2 |     3 ||     5
    Use: Scroll            |     3 |     5 |    17 |     7 ||    32
         Potion            |       |     3 |       |     7 ||    10
   Stab: Sleeping          |       |     1 |     1 |       ||     2
         Held in net/web   |       |     1 |       |       ||     1
         Invisible         |       |       |       |     2 ||     2
 Armour: Skin              |    29 |   113 |   115 |    83 ||   340
  Dodge: Dodged            |    51 |   247 |   237 |   124 ||   659

Table legend: (Time is in decaauts)
 A = Elapsed time spent in this place.
 B = Non-inter-level travel time spent in this place.
 C = Inter-level travel time spent in this place.
 D = Time resting spent in this place.
 E = Time spent auto-exploring this place.
 F = Levels seen in this place.
 G = Mean time per level.
                   A        B        C        D        E       F      G
               +--------+--------+--------+--------+--------+-----+--------+
         Total |  11511 |  11096 |    415 |   2276 |   6511 |  13 |  885.5 |
       Dungeon |   9155 |   8740 |    415 |   1875 |   5161 |  10 |  915.5 |
        Temple |     28 |     28 |      0 |      0 |      6 |   1 |   28.0 |
         Sewer |   1196 |   1196 |      0 |    227 |    700 |   1 | 1196.0 |
       Ossuary |   1130 |   1130 |      0 |    174 |    643 |   1 | 1130.0 |
               +--------+--------+--------+--------+--------+-----+--------+

Top non-repeatable levels by time:
     D:9: 1428 daAuts
   Sewer: 1196 daAuts
     D:8: 1156 daAuts
 Ossuary: 1130 daAuts
     D:5: 1029 daAuts
     D:4: 1023 daAuts
     D:6: 975 daAuts
     D:2: 958 daAuts
     D:3: 892 daAuts
     D:7: 881 daAuts
     D:1: 645 daAuts
    D:10: 164 daAuts
  Temple: 28 daAuts
